 Dungeon Crawl Stone Soup version 0.29-a0-90-gc37658a0fe (webtiles) character file.

Game seed: 7980811000204601433

60 enile the Skirmisher (level 3, -1/33 HPs)
             Began as a Demigod Wanderer on Feb 6, 2022.
             Slain by Terence (9 damage)
             ... on level 3 of the Dungeon.
             The game lasted 00:01:44 (1434 turns).

enile the Skirmisher (Demigod Wanderer)             Turns: 1434, Time: 00:01:44

Health: -1/33      AC:  6    Str: 17    XL:     3   Next: 55%
Magic:  5/6        EV:  9    Int: 14    God:
Gold:   59         SH:  0    Dex: 13    Spells: 3/4 levels left

rFire   . . .      SeeInvis .   a - +2 hunting sling
rCold   . . .      Faith    .   (no shield)
rNeg    . . .      Spirit   .   c - +0 scale mail
rPois   .          Reflect  .   (no helmet)
rElec   .          Harm     .   (no cloak)
rCorr   .          Rampage  .   (no gloves)
Will    .....                   (no boots)
Stlth   ..........              (no amulet)
HPRegen 0.11/turn               (no ring)
MPRegen 0.10/turn               (no ring)

@: brilliant, very slightly contaminated
A: high MP 1, forlorn, divine attributes
a: no special abilities


You were on level 3 of the Dungeon.
You visited 1 branch of the dungeon, and saw 3 of its levels.

You collected 59 gold pieces.

Inventory:

Hand Weapons
 a - a +2 hunting sling (weapon)
 i - a +0 spear
Missiles
 b - 15 sling bullets (quivered ammo)
 f - 41 stones
Armour
 c - a +0 scale mail (worn)
Magical Staves
 j - a staff of air
Scrolls
 e - a scroll of noise {unknown}
 g - a scroll of vulnerability {unknown}
 l - a scroll of magic mapping {unknown}
Potions
 h - a potion of berserk rage {unknown}
 k - a potion of haste {unknown}


   Skills:
 + Level 3.8 Fighting
 - Level 2.6 Slings
 - Level 1.7 Armour
 - Level 1.0 Dodging
 - Level 1.0 Spellcasting
 - Level 1.0 Ice Magic


You had 3 spell levels left.
You knew the following spells:

 Your Spells              Type           Power      Damage    Failure   Level
a - Freeze                Ice            20%        1d4       52%         1

Your spell library contained the following spells:

 Spells                   Type           Power      Damage    Failure   Level
 Ozocubu's Armour         Ice            5%         N/A       87%         3


Dungeon Overview and Level Annotations

Branches:
Dungeon (3/15)

Annotations:
D:3 Terence


Innate Abilities, Weirdness & Mutations

You have an increased reservoir of magic. (+10% MP)
You shall have no god before yourself.
Your divine heritage dramatically boosts your attributes as you level up.


Message History

Terence the Incautious comes into view.
He is wielding a +3 vorpal flail.
Terence shouts!
Terence is nearby!
You shoot a sling bullet. The sling bullet barely misses Terence.
You shoot a sling bullet.
The sling bullet hits Terence but does no damage.
You shoot a sling bullet. The sling bullet hits Terence!
Terence is heavily wounded.
You shoot a sling bullet.
The sling bullet hits Terence but does no damage.
Terence is heavily wounded.
You shoot a sling bullet. The sling bullet hits Terence!
Terence is almost dead.
You shoot a sling bullet. The sling bullet hits Terence.
Terence is almost dead.
Terence closely misses you.
You shoot a sling bullet. The sling bullet barely misses Terence.
Terence hits you with a +3 vorpal flail!
You shoot a sling bullet.
The sling bullet hits Terence but does no damage.
Terence is almost dead.
Terence closely misses you.
Terence hits you with a +3 vorpal flail.
It was a potion of brilliance.
You feel clever all of a sudden.
Terence hits you with a +3 vorpal flail.
* * * LOW HITPOINT WARNING * * *
x2
Casting: Freeze (safe; 52% risk of failure)
Confirm with . or Enter, or press ? or * to list all spells.
Okay, then.
Casting: Freeze (safe; 52% risk of failure)
Confirm with . or Enter, or press ? or * to list all spells.
Aiming: Freeze (safe; 52% risk of failure)
Press: ? - help, Shift-Dir - straight line, f/p - Terence
Aim: Terence, wielding a +3 vorpal flail and wearing a +0 chain mail (almost dead)
You feel a surge of power!
You miscast Freeze.
You are very lightly contaminated with residual magic.
Nothing appears to happen.
Terence hits you with a +3 vorpal flail!
You die...

..(....... ....+
......[... ....#
#.).(..(.. ...#
#...(..... #..#
#..(...... #..#
#.(....... #..#
#.@.......
#..####†@.......
#########>..........#+##
...........####.#.#.#
####..................
...#....##.#....#..#....
##......##.#.#.##....###
.<.......#.#...# ..###
.........#.#### .##
.........#.#


You could see Terence.

Vanquished Creatures
  An adder (D:2)
  A gnoll (D:1)
  An orc (D:2)
  2 endoplasms
  2 giant cockroaches (D:1)
  3 goblins
  4 hobgoblins
  11 jackals
  4 ball pythons
  A frilled lizard (D:1)
  A kobold (D:1)
  4 rats
35 creatures vanquished.

Notes
Turn   | Place    | Note
-------+----------+-------------------------------------------
     0 | D:1      | enile the Demigod Wanderer began the quest for the Orb.
     0 | D:1      | enile set off with the following items: a +2 hunting sling,
                  | 17 sling bullets, a +0 scale mail; and the following spell
                  | memorised: Freeze; and the following spells available to
                  | memorise: Ozocubu's Armour
     0 | D:1      | Reached XP level 1. HP: 17/17 MP: 4/4
     6 | D:1      | Noticed an anaconda
     6 | D:1      | Noticed a wolf
     7 | D:1      | Noticed a komodo dragon
     7 | D:1      | Noticed a rime drake
    31 | D:1      | Reached skill level 2 in Fighting
   252 | D:1      | Reached XP level 2. HP: 25/25 MP: 5/5
   256 | D:1      | Reached skill level 3 in Fighting
   486 | D:1      | Reached XP level 3. HP: 29/31 MP: 6/6
  1424 | D:3      | Noticed Terence
  1434 | D:3      | Slain by Terence

Illustrated notes

Levels and vault maps discovered:
D:1:      onia_arrival_zoo_common, layout_loops_cross
D:2:      layout_basic, hellmonk_ecumenical_altar_crossroads
D:3:      layout_basic, gammafunk_ghost_icy, serial_glass, glass_columns_a,
          glass_columns_c, uniq_terence

Skill      XL: |  1  2 |
---------------+-------+-----
Fighting       | 2 3 |  3.8
Slings         | |  2.6
Armour         | |  1.7
Dodging        | |  1.0
Spellcasting   | |  1.0
Ice Magic      | |  1.0

Action                   || total
-------------------------++-------
 Fire: Hunting sling     ||   105
  Use: Potion            ||     1
Armor: Scale mail        ||    13
Dodge: Dodged            ||    23

Table legend: (Time is in decaauts)
 A = Elapsed time spent in this place.
 B = Non-inter-level travel time spent in this place.
 C = Inter-level travel time spent in this place.
 D = Time resting spent in this place.
 E = Time spent auto-exploring this place.
 F = Levels seen in this place.
 G = Mean time per level.
                   A        B        C        D        E       F      G
               +--------+--------+--------+--------+--------+-----+--------+
         Total |   1441 |   1376 |     65 |      0 |   1175 |   3 |  480.3 |
       Dungeon |   1441 |   1376 |     65 |      0 |   1175 |   3 |  480.3 |
               +--------+--------+--------+--------+--------+-----+--------+

Top non-repeatable levels by time:
     D:1: 725 daAuts
     D:2: 673 daAuts
     D:3: 42 daAuts
